 Dungeon Crawl Stone Soup version 0.21-a0-227-g58a7c62 (webtiles) character file.

2090 Ijustatesigmund the Carver (level 9, -1/72 HPs)
             Began as a Formicid Fighter on Aug 30, 2017.
             Was a Follower of Cheibriados.
             Slain by a two-headed ogre
             ... wielding a +0 giant club
              (23 damage)
             ... on level 9 of the Dungeon.
             The game lasted 00:17:06 (7051 turns).

Ijustatesigmund the Carver (Formicid Fighter)       Turns: 7051, Time: 00:17:06

Health: -1/72      AC: 10    Str: 24    XL:     9   Next: 52%
Magic:  11/11      EV: 14    Int:  9    God:    Cheibriados [*.....]
Gold:   103        SH: 12    Dex: 22    Spells: 8/8 levels left

rFire    + . .     SeeInvis +   a - +0 long sword
rCold    . . .     Gourm    .   c - +0 shield
rNeg     . . .     Faith    .   b - +0 scale mail
rPois    +         Spirit   .   (helmet unavailable)
rElec    .         Reflect  .   C - +0 cloak
rCorr    +         Harm     .   (no gloves)
MR       .....     Clarity  +   H - +0 pair of boots
Stlth    ++........             n - amulet of magic regeneration
HPRegen  0.22/turn              D - ring of protection from fire
MPRegen  0.37/turn              d - ring of resist corrosion

@: agile, very slow
A: permanent stasis, dig shafts and tunnels, four strong arms, antennae 3, agile
1, clarity, poison resistance
a: Dig, Shaft Self, Bend Time, Renounce Religion


You were on level 9 of the Dungeon.
You worshipped Cheibriados.
Cheibriados was aware of your devotion.
You were not hungry.

You visited 2 branches of the dungeon, and saw 10 of its levels.

You collected 187 gold pieces.
You spent 84 gold pieces at shops.

Inventory:

Hand Weapons
 a - a +0 long sword (weapon)
 t - the +3 mace "Plog" {flame, Int+4}
   (You found it on level 5 of the Dungeon)

   It has been specially enchanted to burn those struck by it, causing extra
   injury to most foes and up to half again as much damage against particularly
   susceptible opponents.
   It affects your intelligence (+4).
Missiles
 z - 7 javelins (quivered)
Armour
 b - a +0 scale mail (worn)
 c - a +0 shield (worn)
 C - a +0 cloak (worn)
 H - a +0 pair of boots (worn)
Jewellery
 d - a ring of resist corrosion (right hand)
 n - an amulet of magic regeneration (around neck)
 r - an uncursed ring of stealth
 D - a ring of protection from fire (left hand)
Wands
 x - a wand of acid (6/15)
Scrolls
 g - a scroll of remove curse
 l - 2 scrolls of amnesia
 o - a scroll of immolation
 y - a scroll of magic mapping
Potions
 e - 5 potions of lignification
 j - 3 potions of magic
 k - 2 potions of cancellation
 p - a potion of mutation
 q - a potion of resistance
 s - 2 potions of flight
 v - a potion of agility
 B - 3 potions of ambrosia
Books
 i - a book of Maledictions

   Spells                             Type                      Level
   a - Corona                         Hexes                        1
   b - Ensorcelled Hibernation        Hexes/Ice                    2
   c - Confuse                        Hexes                        3
   d - Tukima's Dance                 Hexes                        3
   e - Dazzling Spray                 Conjuration/Hexes            3
 m - a book of Misfortune

   Spells                             Type                      Level
   a - Confusing Touch                Hexes                        1
   b - Confuse                        Hexes                        3
   c - Gell's Gravitas                Translocation                3
   d - Petrify                        Transmutation/Earth          4
   e - Metabolic Englaciation         Hexes/Ice                    5
   f - Yara's Violent Unravelling     Hexes/Transmutation          5
Comestibles
 f - 6 bread rations
 h - 5 meat rations
 w - a royal jelly


   Skills:
 + Level 7.3 Fighting
 + Level 8.0 Long Blades
 + Level 5.7 Armour
 + Level 6.5 Shields
 + Level 2.9 Invocations


You had 8 spell levels left.
You didn't know any spells.

Dungeon Overview and Level Annotations

Branches:
Dungeon (9/15)             Temple (1/1) D:6
   Lair: D:8-11         Orc: D:9-12

Altars:
Ashenzari
Cheibriados
Dithmenos
Elyvilon
Fedhas
Gozag
Hepliaklqana
Kikubaaqudgha
Makhleb
Nemelex Xobeh
Okawaru
Qazlal
Ru
Sif Muna
Trog
Uskayaw
Vehumet
Wu Jian
Xom
Yredelemnul
Zin
The Shining One

Shops:
D:4 (   D:6 ?

Annotations:
D:8 Erica, Joseph


Innate Abilities, Weirdness & Mutations

You cannot be hasted, slowed, berserked, paralysed or teleported.
You can dig through walls and to a lower floor.
Your four strong arms can wield two-handed weapons with a shield.
You have a pair of large antennae on your head. (SInv)
You are agile. (Dex +2)
You possess an exceptional clarity of mind.
Your system is resistant to poisons. (rPois)


Message History

The two-headed ogre hits you with a giant club!
You block the two-headed ogre's attack.
You closely miss the two-headed ogre. You block the orc's attack.
The orc hits you with a war axe. The two-headed ogre barely misses you.
The two-headed ogre hits you with a giant club!
You hit the two-headed ogre but do no damage.
The orc hits you but does no damage.
You slash the two-headed ogre!
The two-headed ogre is lightly wounded.
The orc hits you with a war axe.
The two-headed ogre hits you with a giant club!
* * * LOW HITPOINT WARNING * * *
The two-headed ogre closely misses you. The orc misses you.
You hit the two-headed ogre but do no damage.
The two-headed ogre is lightly wounded.
You block the orc's attack. The two-headed ogre barely misses you.
The two-headed ogre closely misses you. The orc closely misses you.
You feel better. The orc closely misses you. You block the orc's attack.
The two-headed ogre hits you with a giant club!!
You die...

,,*,,,*,,,.................,,,,,,
,,*,,,*,,..................,,,,,,
***,,,*,,..................,,,,,,
,,,,,,*,,..................,,,,,,
,******,,.............)....,,,,,,
,*,,,,,,,,.................,,,,,,
**,,,,,,,,.................,,,,,,
,,,,,,,****####..O..#######******
,,,,,,,*,,,,,,#[@[..+,,,,,,,,,,,,
,,>,,,,*,,,,,,#o.o..#,,,,,,,,,,,,
,,******,,,,,,#.....#,,,,,,,,,,,,
,,* #######+#.....#,,,****+****
##* #.............#,,,***,,,,**
.# #.............#,,,,,,,,,,,*
.######.............+,,,,,,,,,,,*
.#..................#,,,,,,,,,,,+
.#..................#+*****,,,,,*


You could see a two-headed ogre and 2 orcs.

Vanquished Creatures
  A hippogriff (D:9)
  A porcupine (D:9)
  2 sky beasts (D:9)
  A phantom (D:6)
  3 ogres
  A centaur (D:5)
  2 bullfrogs
  A scorpion (D:7)
  2 howler monkeys
  3 crimson imps
  Crazy Yiuf (D:5)
  2 hounds
  2 jellies (D:5)
  2 orc priests
  A centaur skeleton (D:4)
  5 orc wizards
  Jessica (D:2)
  5 worker ants
  4 gnolls (D:2)
  2 howler monkey skeletons (D:6)
  13 adders
  A shadow imp (D:6)
  An adder skeleton (D:6)
  3 worms
  3 dart slugs
  5 leopard geckos
  22 orcs
  7 bats
  3 giant cockroaches
  3 goblins
  5 hobgoblins
  12 jackals
  6 kobolds
  7 quokkas
  4 ball pythons
  6 frilled lizards
  6 rats
149 creatures vanquished.

Vanquished Creatures (others)
  6 fungi (D:8)
  2 plants (D:8)
8 creatures vanquished.

Grand Total: 157 creatures vanquished

Notes
Turn   | Place    | Note
-------+----------+-------------------------------------------
     0 | D:1      | Ijustatesigmund the Formicid Fighter began the quest for the Orb.
     0 | D:1      | Reached XP level 1. HP: 18/18 MP: 1/1
   192 | D:1      | Reached XP level 2. HP: 22/24 MP: 2/2
   928 | D:1      | Reached XP level 3. HP: 30/30 MP: 3/3
   993 | D:2      | Reached skill level 3 in Long Blades
  1178 | D:2      | Reached XP level 4. HP: 31/37 MP: 4/4
  1769 | D:2      | Reached skill level 4 in Long Blades
  1933 | D:2      | Noticed Jessica
  1938 | D:2      | Reached XP level 5. HP: 30/42 MP: 5/5
  1948 | D:2      | Killed Jessica
  2307 | D:3      | Gained mutation: You possess an exceptional clarity of mind. [potion of mutation]
  2307 | D:3      | Gained mutation: Your system is resistant to poisons. (rPois) [potion of mutation]
  2307 | D:3      | Gained mutation: You are agile. (Dex +2) [potion of mutation]
  2512 | D:3      | Found a hide-covered altar of Uskayaw.
  2515 | D:3      | Found a basalt altar of Yredelemnul.
  2515 | D:3      | Found a glowing silver altar of Zin.
  2518 | D:3      | Found a sparkling altar of Nemelex Xobeh.
  2519 | D:3      | Reached XP level 6. HP: 49/49 MP: 6/6
  2657 | D:3      | Found a faded altar of an unknown god.
  2857 | D:4      | Reached skill level 5 in Long Blades
  3080 | D:4      | Noticed an ogre
  3083 | D:4      | You fall through a shaft for 3 floors!
  3093 | D:7      | Reached skill level 5 in Fighting
  3401 | D:5      | Entered Level 5 of the Dungeon
  3507 | D:5      | Reached XP level 7. HP: 52/56 MP: 7/7
  3737 | D:5      | Reached skill level 6 in Long Blades
  4097 | D:5      | Reached XP level 8. HP: 42/64 MP: 8/8
  4368 | D:5      | Got a bone mace
  4369 | D:5      | Identified the +3 mace "Plog" {flame, Int+4} (You found it on level 5 of the Dungeon)
  4381 | D:5      | Found a runed door.
  4385 | D:5      | Noticed Crazy Yiuf
  4391 | D:5      | Killed Crazy Yiuf
  4893 | D:4      | Found Bis Ygum's Weapon Shoppe.
  4909 | D:4      | Found a bloodstained altar of Trog.
  5000 | D:4      | Reached skill level 7 in Long Blades
  5000 | D:4      | Reached skill level 5 in Shields
  5538 | D:6      | Found Loohecow's Magic Scroll Boutique.
  5541 | D:6      | Bought 3 scrolls of identify for 84 gold pieces
  5605 | D:6      | Found a staircase to the Ecumenical Temple.
  5622 | Temple   | Entered the Ecumenical Temple
  5718 | Temple   | Became a worshipper of Cheibriados the Contemplative
  5960 | D:7      | Reached skill level 5 in Armour
  5960 | D:7      | Reached skill level 1 in Invocations
  5960 | D:7      | Reached XP level 9. HP: 65/71 MP: 9/9
  6078 | D:7      | You fall through a shaft!
  6183 | D:8      | Noticed Joseph
  6200 | D:8      | You fall through a shaft!
  6379 | D:9      | Noticed a hippogriff
  6388 | D:9      | Killed a hippogriff
  6525 | D:8      | Noticed Erica
  6628 | D:9      | Reached * piety under Cheibriados
  6879 | D:8      | Noticed a two-headed ogre
  7017 | D:9      | Reached skill level 8 in Long Blades
  7051 | D:9      | Slain by a two-headed ogre

Vault maps used:
D:1:      matt_arrival_grand_opening, palyth_stone_intersect
D:2:      uniq_jessica
D:3:      grunt_temple_overflow_open, chequers_ecumenical_altar_twisty,
          minivault_14
D:4:      serial_shops, nicolae_shop_stone, first_bread, trog_butcher_becter
D:5:      uniq_crazy_yiuf_cottage
D:6:      minmay_temple_entry_nine_rooms, serial_shops, kennysheep_mini
D:7:      minmay_misc_feat_room
D:8:      grunt_lair_entry_orc_guard_hut, uniq_joseph, uniq_erica
Temple:   compressed_dpeg_circular_temple

Skill      XL: |  1  2  3  4  5  6  7  8  9 |
---------------+----------------------------+-----
Long Blades    | 3 4 5 6 7 8 |  8.0
Fighting       | 4 5 6 7 |  7.3
Shields        | 4 5 6 |  6.5
Armour         | 4 5 |  5.7
Invocations    | 1 2 |  2.9

Action                   |  1- 3 |  4- 6 |  7- 9 || total
-------------------------+-------+-------+-------++-------
Melee: Long sword        |    86 |   196 |   355 ||   637
Throw: Javelin           |       |       |     3 ||     3
 Abil: Dig               |     2 |     2 |     3 ||     7
       Shaft Self        |       |     1 |     2 ||     3
Evoke: Wand              |       |       |     1 ||     1
  Use: Scroll            |     7 |     7 |     7 ||    21
       Potion            |     1 |     2 |     3 ||     6
 Stab: Invisible         |       |       |     1 ||     1
  Eat: Chunk             |     1 |     7 |    10 ||    18
       Fruit             |       |     2 |       ||     2
       Royal jelly       |       |       |     1 ||     1
Armor: Scale mail        |    30 |    62 |   124 ||   216
Dodge: Dodged            |    24 |    59 |   130 ||   213
Block: Shield            |    49 |   106 |   193 ||   348
       Rpst.: Long sword |     6 |    16 |    37 ||    59

Table legend:
 A = Spawn XP
 B = Non-spawn XP
 C = Spawn XP percentage of total XP
 D = Spawn monster count
 E = Non-spawn monster count
 F = Spawn count percentage of total count
 G = Total turns spent on level
                    A         B        C        D         E        F      G
               +---------+---------+-------+---------+---------+-------+---------
         Total |     573 |    2414 |  19.2 |      19 |     130 |  12.8 |  7051
               +---------+---------+-------+---------+---------+-------+---------
           D:1 |       9 |      22 |  29.0 |       5 |      13 |  27.8 |   974
           D:2 |       2 |     196 |   1.0 |       1 |      28 |   3.4 |  1149
           D:3 |      21 |      34 |  38.2 |       5 |      12 |  29.4 |   647
           D:4 |     116 |     314 |  27.0 |       1 |      19 |   5.0 |  1059
           D:5 |     154 |     639 |  19.4 |       2 |      26 |   7.1 |  1212
           D:6 |     138 |     263 |  34.4 |       4 |      18 |  18.2 |   786
           D:7 |       0 |     232 |   0.0 |       0 |       6 |   0.0 |   142
           D:8 |       0 |      90 |   0.0 |       0 |       1 |   0.0 |   131
           D:9 |     133 |     624 |  17.6 |       1 |       7 |  12.5 |   842
               +---------+---------+-------+---------+---------+-------+---------
